 Dungeon Crawl Stone Soup version 0.26.0-9-gab577f9fc5 (webtiles) character file.

Game seed: 13046959601701655311

67 EnegeticOcto the Sneak (level 3, 0/33 HPs)
             Began as a Deep Dwarf Delver on Jan 13, 2021.
             Slain by Grinder (6 damage)
             ... while paralysed by Grinder
             ... on level 5 of the Dungeon.
             The game lasted 00:00:46 (79 turns).

EnegeticOcto the Sneak (Deep Dwarf Delver)            Turns: 79, Time: 00:00:47

Health: 0/33       AC:  3    Str: 16    XL:     3   Next: 98%
Magic:  3/3        EV:  2    Int: 10    God:
Gold:   0          SH:  0    Dex: 14    Spells: 2/2 levels left

rFire    . . .     SeeInvis .   a - +0 hand axe
rCold    . . .     Faith    .   (no shield)
rNeg     . . .     Spirit   .   b - +0 leather armour
rPois    .         Reflect  .   (no helmet)
rElec    .         Harm     .   (no cloak)
rCorr    .         Rampage  .   (no gloves)
Will     .....                  (no boots)
Stlth    +++.......             h - amulet of regeneration
HPRegen  0.00/turn              (no ring)
MPRegen  0.08/turn              (no ring)

@: paralysed, lethally poisoned (0 -> 0), non-regenerating, slowed
A: damage resistance, heal wounds, sense surroundings 1, no regeneration
a: Heal Wounds


You were on level 5 of the Dungeon.
You visited 1 branch of the dungeon, and saw 1 of its levels.

Inventory:

Hand Weapons
 a - a +0 hand axe (weapon)
Armour
 b - a +0 leather armour (worn)
Jewellery
 h - an amulet of regeneration (around neck)
   (You found it on level 5 of the Dungeon)
Wands
 g - a wand of digging (1) {@v3}
Scrolls
 c - a scroll of fog {!r}
 d - a scroll of magic mapping {@r5 !r}
 e - a scroll of fear {!r}
Potions
 f - a potion of haste {@q4 !q}


   Skills:
 - Level 2.6 Fighting
 + Level 4.7 Axes
 - Level 2.1 Dodging
 - Level 6.0 Stealth


You had 2 spell levels left.
You didn't know any spells.
Your spell library was empty.

Dungeon Overview and Level Annotations

Branches:
Dungeon (5/15)
 Temple: D:4-7

Altars:

Annotations:
D:5 Grinder


Innate Abilities, Weirdness & Mutations

You are resistant to damage.
You can heal yourself by infusing magical energy.
You passively map a small area around you.
You do not regenerate.


Message History

The orc wizard is lightly wounded.
The orc wizard hits you with a +0 dagger.
You hit the orc wizard but do no damage.
The orc wizard is lightly wounded.
The orc wizard hits you with a +0 dagger.
An orc comes into view. It is wielding a +0 hand axe.
The orc shouts!
You hit the orc wizard but do no damage.
The orc wizard is lightly wounded.
The orc wizard closely misses you. The orc wizard barely misses you.
You hit the orc wizard.
The orc wizard is moderately wounded.
The orc wizard casts a spell at you. The magic dart hits you!
You hit the orc wizard.
The orc wizard is heavily wounded.
A jackal zombie comes into view.
The orc wizard hits you with a +0 dagger.
You hit the orc wizard.
The orc wizard is severely wounded.
The orc wizard hits you with a +0 dagger.
You hit the orc wizard but do no damage.
The orc wizard is severely wounded.
Grinder blinks!
The orc wizard mumbles some strange words.
The orc wizard seems to speed up.
You hit the orc wizard.
The orc wizard is almost dead.
The orc wizard misses you.
A shadow imp comes into view.
You barely miss the orc wizard.
The orc wizard is almost dead.
The orc wizard hits you with a +0 dagger.
Grinder hits you!
You writhe in agony.
You feel much better. The orc wizard casts a spell at you.
The magic dart hits you!
The orc wizard hits you but does no damage.
Grinder hits you!
You writhe in agony.
You feel much better.
The orc wizard mumbles some strange words.
The orc wizard blinks!
The orc closely misses you. Grinder hits you.
You writhe in agony.
You hit Grinder.
Grinder is lightly wounded.
You barely miss the orc.
The orc wizard gestures wildly while chanting.
The orc wizard blinks!
The orc hits you with a cursed +0 hand axe.
Grinder misses you.
You hit Grinder.
Grinder is lightly wounded.
You slash the orc!
You kill the orc!
Grinder hits you!
You writhe in agony.
You hit Grinder.
Grinder is lightly wounded.
You hit the quokka skeleton.
An orc comes into view.
The quokka skeleton misses you. Grinder hits you!
You writhe in agony.
You feel much better.
The quokka skeleton bites you but does no damage.
Grinder hits you.
You writhe in agony.
You hit Grinder.
Grinder is moderately wounded.
You hit the quokka skeleton but do no damage.
You hit the orc wizard but do no damage.
The orc wizard points at you and mumbles some strange words.
You feel yourself slow down.
The quokka skeleton bites you but does no damage.
Grinder blinks!
You hit the orc wizard.
You kill the orc wizard!
You hit the quokka skeleton.
You destroy the quokka skeleton!
You hit Grinder. Grinder closely misses you. The jackal zombie misses you.
Grinder hits you!
You writhe in agony.
You hit Grinder.
Grinder is heavily wounded.
You hit the jackal zombie but do no damage.
The jackal zombie closely misses you. Grinder barely misses you.
The jackal zombie bites you.
You hit Grinder.
Grinder is heavily wounded.
You hit the jackal zombie. The jackal zombie barely misses you.
Grinder hits you. The jackal zombie misses you. Grinder gestures at you.
You suddenly lose the ability to move!
The jackal zombie bites you but does no damage.
Grinder hits you.
You writhe in agony.
The jackal zombie bites you but does no damage.
Grinder blinks!
Grinder hits you! The shadow imp hits you.
Grinder says, "Tell me all your secrets, or I'll kill you."
Grinder hits you!
* * * LOW HITPOINT WARNING * * *
You writhe in agony.
The shadow imp hits you. Grinder hits you!
You die...

, .#Z#.##..# * , ,
.!.......# *
#..#[##..## * #.
#.#.## ,
#.#.###.######## ,
, ..# ##.......#
,,#o#.###.########
** #. #)#.### #
#@5...# , ,
....Zo5)###.#
.....#### *.# #.##
# , , , * *, * , *
* ,


You could see Grinder, a shadow imp, an orc and a jackal zombie.

Vanquished Creatures
  An orc priest (D:5)
  An orc wizard (D:5)
  3 orcs (D:5)
  A quokka skeleton (D:5)
6 creatures vanquished.

Notes
Turn   | Place    | Note
-------+----------+-------------------------------------------
     0 | D:5      | EnegeticOcto the Deep Dwarf Delver began the quest for the
                  | Orb.
     0 | D:5      | Reached XP level 1. HP: 20/20 MP: 1/1
    37 | D:5      | Noticed an orc wizard
    43 | D:5      | Noticed an orc priest
    46 | D:5      | Noticed Grinder
    51 | D:5      | Killed an orc priest
    52 | D:5      | Reached skill level 3 in Axes
    52 | D:5      | Reached XP level 2. HP: 14/27 MP: 2/2
    52 | D:5      | Reached XP level 3. HP: 18/33 MP: 3/3
    55 | D:5      | Reached skill level 4 in Axes
    74 | D:5      | Paralysed by Grinder for 7 turns
    79 | D:5      | Slain by Grinder

Illustrated notes

Levels and vault maps discovered:
D:5:      layout_loops_ring, minmay_temple_entry_nine_rooms,
          corexii_checkpoint_a, st_stairs_2, uniq_grinder, uniq_edmund

Skill      XL: |  1  2  3 |
---------------+----------+-----
Axes           | 3 4 |  4.7
Fighting       | |  2.6
Dodging        | |  2.1
Stealth        | |  6.0

Action                   || total
-------------------------++-------
Melee: Hand axe          ||    24
 Abil: Heal Wounds       ||     4
Evoke: Wand              ||     2
Armor: Leather armour    ||     5
Dodge: Dodged            ||    20
